Map: Romanticide LE

Players

ShoWTimE

  • Race: Protoss Protoss

DnS - Winner!

  • Race: Protoss Protoss

Event: DreamHack SC2 Masters 2021 Winter

VOD

Have the link to the VOD?

Description

Time

  • Played on: Sept. 30, 2021, 1:14 p.m.
  • Length: 28:50

All games in this series

Show
View Real Time Build Order
Export as new Build Order

ShoWTimE Protoss 

Build Orders: Phoenix Opening, Carriers 

Get SALT Encoding   

  12  0:00  Probe  
  13  0:12  Probe  
  14  0:17  Pylon  
  14  0:24  Probe (Chrono Boost)  
  15  0:36  Gateway, Probe (Chrono Boost)  
  16  0:44  Probe (Chrono Boost)  
  16  0:46  Assimilator  
  17  0:50  Probe  
  18  1:03  Probe (Chrono Boost)  
  19  1:04  Assimilator  
  19  1:09  Gateway  
  19  1:13  Probe (Chrono Boost)  
  19  1:18  Probe (Chrono Boost)  
  20  1:23  Cybernetics Core  
  21  1:29  Probe  
  22  1:34  Pylon  
  22  1:41  Probe  
  23  1:53  Probe  
  24  2:00  Stalker, Sentry  
  28  2:02  Warp Gate  
  28  2:05  Probe  
  29  2:12  Pylon  
  29  2:17  Shield Battery  
  29  2:26  Pylon  
  29  2:28  Sentry  
  31  2:38  Phoenix  
  30  2:46  Sentry  
  30  2:49  Shield Battery  
  32  2:52  Nexus  
  32  2:56  Probe  
  35  3:08  Probe  
  36  3:19  Twilight Council  
  34  3:20  Probe  
  34  3:22  Pylon  
  37  3:32  Probe (Chrono Boost)  
  38  3:37  Shield Battery  
  36  3:44  Probe (Chrono Boost)  
  37  3:52  Probe (Chrono Boost)  
  37  3:55  Stalker x2  
  40  3:58  Probe  
  40  4:01  Blink (Chrono Boost)  
  41  4:05  Probe  
  41  4:07  Phoenix  
  42  4:11  Probe (Chrono Boost)  
  43  4:18  Probe (Chrono Boost)  
  43  4:21  Stalker  
  43  4:23  Probe (Chrono Boost)  
  47  4:27  Probe (Chrono Boost)  
  47  4:29  Probe (Chrono Boost)  
  49  4:32  Probe (Chrono Boost)  
  49  4:34  Stalker  
  49  4:37  Probe  
  53  4:44  Probe  
  54  4:46  Pylon  
  54  4:49  Probe  
  55  4:56  Probe  
  56  5:01  Probe  
  56  5:03  Robotics Facility  
  57  5:07  Stalker  
  57  5:08  Stalker, Probe  
  57  5:13  Probe  
  54  5:21  Probe  
  54  5:25  Probe  
  55  5:32  Nexus  
  55  5:34  Probe  
  56  5:37  Probe  
  57  5:46  Probe  
  57  5:47  Assimilator, Forge  
  57  5:49  Probe  
  59  5:52  Observer  
  60  5:57  Pylon  
  60  5:59  Probe  
  60  6:01  Probe  
  60  6:02  Sentry, Pylon  
  60  6:03  Sentry  
  66  6:06  Gateway  
  66  6:11  Probe  
  67  6:13  Observer, Protoss Ground Weapons Level 1 (Chrono Boost)  
  67  6:14  Probe  
  67  6:18  Assimilator  
  69  6:23  Probe  
  70  6:25  Gateway  
  70  6:26  Probe  
  70  6:29  Shield Battery  
  71  6:35  Stalker, Probe  
  71  6:36  Pylon  
  71  6:38  Probe  
  75  6:40  Stalker  
  75  6:44  Probe  
  78  6:47  Probe  
  78  6:50  Probe (Chrono Boost)  
  78  6:53  Gateway  
  80  6:56  Probe (Chrono Boost)  
  80  6:59  Probe (Chrono Boost)  
  80  7:00  Charge  
  82  7:02  Probe (Chrono Boost)  
  82  7:04  Assimilator  
  82  7:08  Assimilator, Probe (Chrono Boost)  
  85  7:10  Probe (Chrono Boost)  
  85  7:11  Probe (Chrono Boost)  
  85  7:12  Gateway  
  85  7:13  Probe (Chrono Boost)  
  85  7:14  Probe (Chrono Boost)  
  87  7:16  Gateway, Probe  
  87  7:21  Pylon  
  89  7:23  Probe  
  89  7:24  Photon Cannon  
  89  7:25  Probe  
  91  7:30  Pylon  
  91  7:34  Observer  
  91  7:39  Gateway  
  91  7:41  Gateway  
  91  7:46  Robotics Bay  
  91  7:47  Stalker x2  
  91  7:50  Robotics Facility  
  95  7:51  Photon Cannon  
  95  7:57  Pylon  
  95  8:02  Nexus  
  95  8:14  Zealot x6  
  95  8:16  Protoss Ground Weapons Level 2 (Chrono Boost)  
  107  8:26  Pylon  
  107  8:32  Disruptor (Chrono Boost)  
  107  8:36  Zealot x5  
  107  8:37  Disruptor (Chrono Boost)  
  107  8:38  Zealot  
  125  8:47  Shield Battery  
  125  8:48  Photon Cannon, Probe  
  126  8:50  Probe x2  
  130  9:03  Probe  
  130  9:04  Probe x2  
  130  9:05  Disruptor (Chrono Boost)  
  130  9:06  Disruptor (Chrono Boost)  
  136  9:11  Stalker  
  136  9:12  Stalker  
  138  9:27  Probe  
  135  9:31  Probe  
  135  9:35  Pylon  
  135  9:37  Stalker x4  
  135  9:38  Stalker x4  
  152  9:40  Pylon  
  152  9:42  Pylon  
  152  9:43  Disruptor (Chrono Boost)  
  152  9:44  Gravitic Boosters  
  155  9:50  Protoss Air Weapons Level 1 (Chrono Boost)  
  155  9:53  Disruptor  
  155  9:55  Assimilator  
  155  9:57  Stargate  
  155  9:58  Assimilator  
  155  9:59  Pylon  
  158  10:08  Probe  
  158  10:10  Probe x2  
  158  10:11  Pylon  
  161  10:19  Observer  
  162  10:24  Photon Cannon  
  162  10:26  Photon Cannon  
  162  10:29  Disruptor, Shield Battery  
  162  10:30  Protoss Ground Weapons Level 3 (Chrono Boost)  
  162  10:33  Pylon  
  165  10:37  Dark Shrine  
  165  10:40  Disruptor  
  165  10:44  Zealot x8  
  169  10:50  Oracle (Chrono Boost)  
  170  11:00  Fleet Beacon  
  170  11:01  Stargate  
  170  11:05  Observer  
  170  11:06  Stargate  
  170  11:10  Stalker x5  
  171  11:42  Nexus  
  171  11:43  Pylon  
  177  11:48  Carrier (Chrono Boost)  
  177  11:49  Carrier (Chrono Boost)  
  177  11:51  Carrier (Chrono Boost)  
  189  11:59  Pylon  
  189  12:03  Stalker x5  
  199  12:08  Unknown  
  199  12:12  Photon Cannon  
  199  12:14  Photon Cannon  
  199  12:15  Shield Battery  
  196  12:21  Stargate  
  192  12:23  Protoss Air Weapons Level 2 (Chrono Boost)  
  192  12:35  Carrier (Chrono Boost)  
  196  12:46  Observer x2  
  196  12:50  Carrier (Chrono Boost)  
  197  13:02  Cybernetics Core  
  197  13:03  Carrier (Chrono Boost)  
  197  13:04  Shield Battery  
  197  13:06  Photon Cannon  
  197  13:08  Photon Cannon  
  197  13:14  Protoss Shields Level 1 (Chrono Boost)  
  193  13:30  Carrier (Chrono Boost)  
  193  13:31  Observer  
  190  13:36  Stalker x7  
  190  13:52  Carrier  
  196  14:04  Protoss Air Armor Level 1 (Chrono Boost)  
  194  14:26  Photon Cannon  
  194  14:28  Photon Cannon  
  194  14:31  Photon Cannon, Carrier  
  200  14:37  Protoss Air Weapons Level 3 (Chrono Boost)  
  200  14:54  Gateway  
  200  14:56  Gateway  
  200  14:58  Gateway  
  200  15:00  Gateway  
  200  15:04  Gateway  
  200  15:13  Protoss Shields Level 2 (Chrono Boost)  
  198  15:14  Shadow Stride (Chrono Boost)  
  198  15:32  Nexus  
  198  15:34  Pylon  
  197  16:06  Photon Cannon  
  197  16:07  Photon Cannon, Warp Prism (Chrono Boost)  
  197  16:08  Protoss Air Armor Level 2 (Chrono Boost)  
  197  16:09  Photon Cannon  
  197  16:11  Photon Cannon  
  200  16:12  Gravitic Drive (Chrono Boost), Shield Battery  
  200  16:13  Shield Battery  
  200  16:15  Pylon  
  200  16:17  Observer (Chrono Boost)  
  198  16:30  Warp Prism, Pylon  
  199  16:45  Zealot  
  199  16:46  Zealot  
  200  16:51  Zealot x2  
  196  17:00  Zealot x3  
  196  17:01  Zealot  
  183  17:22  Carrier (Chrono Boost)  
  169  17:26  Stalker x8  
  169  17:27  Carrier x3 (Chrono Boost)  
  169  17:28  Stalker  
  169  17:29  Stalker  
  164  17:33  Stalker x3  
  174  17:41  Zealot, Probe  
  174  17:42  Probe x4  
  174  17:43  Probe  
  182  17:50  Zealot x4  
  190  17:54  Probe x3  
  190  17:58  Probe x2  
  195  18:01  Pylon  
  195  18:03  Dark Templar x2  
  199  18:06  Protoss Shields Level 3 (Chrono Boost)  
  196  18:25  Stalker x2  
  196  18:26  Stalker x2  
  192  18:37  Oracle  
  192  18:41  Observer  
  187  18:45  Probe  
  187  18:46  Probe x3  
  188  18:52  Zealot x5  
  188  18:58  Probe  
  188  19:00  Probe  
  188  19:01  Probe  
  177  19:05  Observer  
  177  19:07  Probe  
  169  19:13  Stalker x8  
  171  19:29  Probe x4  
  168  19:36  Templar Archives  
  166  19:48  Stalker x4  
  166  19:51  Pylon  
  166  19:52  Dark Templar x4  
  182  19:54  Observer  
  182  19:55  Observer  
  184  20:01  Photon Cannon  
  184  20:04  Photon Cannon  
  184  20:05  Photon Cannon  
  184  20:13  Dark Templar x2  
  184  20:14  Dark Templar x4  
  196  20:16  Assimilator  
  190  20:23  Disruptor (Chrono Boost)  
  190  20:24  Disruptor (Chrono Boost)  
  190  20:26  Oracle  
  196  20:37  Stalker x2  
  200  20:49  Assimilator  
  196  21:28  Stalker x2  
  199  21:48  Nexus  
  187  22:05  Stalker x6  
  187  22:06  Stalker  
  191  22:09  Stalker x4  
  188  22:26  Void Ray x2  
  188  22:27  Void Ray  
  190  22:44  Stalker x6  
  191  22:45  Disruptor x2 (Chrono Boost)  
  197  22:55  Protoss Ground Armor Level 1  
  193  23:01  Nexus  
  188  23:06  Stalker x6  
  196  23:18  Observer  
  142  23:36  Dark Templar x8  
  142  23:37  Dark Templar x4  
  142  23:38  Void Ray (Chrono Boost)  
  160  23:46  Void Ray x2 (Chrono Boost)  
  172  23:49  Void Ray (Chrono Boost), Flux Vanes  
  166  24:11  Probe  
  166  24:16  Observer  
  168  24:19  Probe x2, Pylon  
  168  24:23  Probe  
  171  24:27  Probe  
  172  24:34  Probe x2  
  172  24:35  Probe x2, Pylon  
  172  24:37  Probe  
  173  24:43  Probe  
  165  24:47  Probe, High Templar x3  
  165  24:48  High Templar  
  165  24:52  Void Ray x2 (Chrono Boost), Archon  
  178  24:53  Archon  
  178  24:57  Zealot x5  
  188  25:02  Void Ray (Chrono Boost)  
  188  25:05  Shield Battery  
  188  25:07  Assimilator  
  188  25:09  Assimilator  
  188  25:12  Oracle (Chrono Boost)  
  195  25:26  Photon Cannon  
  195  25:41  Photon Cannon  
  195  25:48  Dark Templar  
  197  25:56  Nexus, Protoss Ground Armor Level 2  
  197  25:59  Pylon  
  197  26:22  Protoss Air Armor Level 3 (Chrono Boost)  
  197  26:28  Nexus  
  197  26:32  Photon Cannon  
  197  26:34  Photon Cannon  
  197  26:36  Shield Battery  
  197  26:40  Assimilator  
  197  26:42  Assimilator  
  193  27:02  Stalker x2  
  193  27:03  Stalker  
  181  27:29  Tempest x3  
  163  27:34  Stalker x3  
  163  27:35  Stalker, Zealot x6  
  163  27:36  Zealot x2  
  161  27:58  Stalker x5  
  165  27:59  Zealot x7  
  179  28:11  Observer  
  180  28:17  Observer  
  181  28:26  Stalker x3  
  181  28:27  Zealot x5  
  142  28:44  Stalker x2  
  142  28:46  Zealot  
Show
View Real Time Build Order
Export as new Build Order

DnS Protoss - Winner!

Build Orders: Oracle Opening, Carriers 

Get SALT Encoding   

  12  0:00  Probe  
  13  0:12  Probe  
  14  0:17  Pylon  
  14  0:24  Probe (Chrono Boost)  
  15  0:36  Gateway, Probe (Chrono Boost)  
  16  0:44  Probe (Chrono Boost)  
  16  0:45  Assimilator  
  17  0:51  Probe  
  17  0:56  Assimilator  
  18  1:03  Probe (Chrono Boost)  
  19  1:08  Gateway  
  19  1:14  Probe (Chrono Boost)  
  20  1:19  Probe (Chrono Boost)  
  20  1:25  Cybernetics Core  
  21  1:29  Probe  
  22  1:38  Pylon  
  22  1:41  Probe  
  23  1:56  Probe  
  23  2:01  Stalker  
  26  2:02  Stalker  
  26  2:05  Warp Gate  
  28  2:09  Probe  
  29  2:16  Pylon  
  29  2:30  Stargate  
  29  2:34  Adept  
  31  2:42  Adept  
  32  3:05  Nexus  
  32  3:08  Probe  
  33  3:17  Oracle (Chrono Boost)  
  36  3:20  Probe  
  37  3:27  Pylon  
  37  3:32  Probe  
  38  3:44  Probe  
  38  3:47  Oracle  
  40  3:57  Probe  
  40  4:00  Adept x2  
  45  4:09  Probe (Chrono Boost)  
  42  4:13  Twilight Council  
  43  4:17  Probe (Chrono Boost)  
  43  4:21  Probe (Chrono Boost)  
  44  4:26  Probe (Chrono Boost)  
  44  4:28  Probe (Chrono Boost)  
  44  4:31  Adept  
  48  4:32  Adept  
  48  4:33  Probe (Chrono Boost)  
  52  4:43  Blink (Chrono Boost), Probe (Chrono Boost)  
  52  4:45  Probe (Chrono Boost)  
  53  4:50  Probe (Chrono Boost)  
  53  4:51  Probe (Chrono Boost)  
  55  4:54  Stalker  
  55  4:59  Probe  
  58  5:02  Stalker  
  58  5:05  Pylon  
  60  5:18  Probe  
  60  5:19  Stalker  
  60  5:20  Probe  
  56  5:21  Shield Battery  
  56  5:27  Gateway  
  56  5:28  Forge  
  56  5:30  Probe  
  56  5:32  Assimilator, Probe  
  58  5:37  Stalker  
  61  5:42  Probe  
  61  5:44  Stalker  
  61  5:47  Probe  
  64  5:53  Pylon  
  64  5:59  Nexus, Protoss Ground Weapons Level 1 (Chrono Boost)  
  64  6:04  Sentry  
  64  6:06  Probe  
  64  6:10  Probe  
  68  6:11  Stalker  
  68  6:17  Shield Battery  
  68  6:18  Probe  
  71  6:22  Stalker, Probe  
  74  6:28  Robotics Facility  
  74  6:30  Probe  
  75  6:35  Probe  
  75  6:39  Charge  
  76  6:40  Stalker  
  76  6:42  Pylon  
  78  6:55  Pylon  
  78  7:00  Probe x2  
  80  7:12  Probe x2  
  80  7:13  Gateway x2  
  80  7:14  Gateway  
  82  7:15  Probe  
  82  7:18  Observer  
  82  7:19  Assimilator  
  82  7:20  Assimilator  
  84  7:24  Assimilator, Probe x2  
  84  7:28  Probe  
  87  7:37  Probe x2  
  89  7:39  Pylon  
  89  7:40  Observer (Chrono Boost), Probe, Pylon  
  91  7:47  Robotics Facility, Robotics Bay  
  91  7:49  Probe  
  92  7:51  Probe  
  92  7:58  Stalker x3  
  99  7:59  Protoss Ground Weapons Level 2 (Chrono Boost)  
  99  8:01  Pylon  
  99  8:02  Pylon  
  99  8:05  Pylon  
  99  8:08  Nexus  
  99  8:14  Pylon  
  99  8:15  Probe  
  99  8:16  Probe x2  
  102  8:29  Pylon  
  102  8:32  Disruptor (Chrono Boost)  
  102  8:33  Disruptor (Chrono Boost)  
  102  8:34  Shield Battery  
  108  8:45  Stalker x6  
  108  8:47  Shield Battery  
  119  9:06  Disruptor x2 (Chrono Boost)  
  125  9:12  Nexus  
  125  9:22  Nexus  
  121  9:31  Stalker x6  
  121  9:33  Probe x3  
  136  9:38  Disruptor (Chrono Boost)  
  136  9:39  Disruptor (Chrono Boost)  
  136  9:44  Pylon  
  136  9:45  Photon Cannon  
  142  9:50  Pylon  
  142  9:57  Probe x3  
  142  9:58  Fleet Beacon  
  145  10:01  Stargate  
  145  10:06  Zealot x3  
  151  10:09  Photon Cannon  
  151  10:17  Zealot  
  151  10:20  Probe x3  
  156  10:24  Stargate  
  156  10:25  Pylon  
  156  10:29  Probe  
  156  10:32  Assimilator  
  156  10:33  Assimilator  
  157  10:39  Carrier  
  157  10:44  Carrier  
  166  10:50  Zealot x2  
  166  10:51  Zealot  
  166  10:54  Photon Cannon  
  172  11:00  Disruptor x2 (Chrono Boost)  
  178  11:17  Protoss Air Weapons Level 1  
  176  11:20  Stalker x5  
  172  11:32  Carrier (Chrono Boost)  
  170  11:33  Disruptor (Chrono Boost)  
  170  11:39  Photon Cannon  
  179  11:41  Photon Cannon  
  179  11:45  Carrier (Chrono Boost)  
  183  11:57  Zealot x6  
  183  11:59  Shield Battery  
  189  12:13  Photon Cannon  
  187  12:17  Protoss Ground Weapons Level 3 (Chrono Boost)  
  187  12:18  Carrier (Chrono Boost)  
  193  12:26  Disruptor  
  196  12:31  Assimilator  
  196  12:32  Assimilator  
  196  12:33  Pylon x2  
  196  12:41  Photon Cannon  
  196  12:42  Photon Cannon  
  196  12:44  Photon Cannon  
  194  12:59  Carrier (Chrono Boost)  
  200  13:05  Photon Cannon  
  200  13:07  Photon Cannon  
  200  13:10  Photon Cannon x2  
  200  13:11  Pylon  
  200  13:12  Photon Cannon  
  199  13:21  Gateway x2  
  199  13:25  Photon Cannon, Dark Shrine  
  195  13:28  Photon Cannon, Gateway x2  
  195  13:31  Gateway  
  199  13:43  Stargate  
  199  13:45  Stargate  
  189  13:50  Protoss Air Weapons Level 2 (Chrono Boost)  
  189  13:53  Photon Cannon x2  
  189  13:54  Photon Cannon  
  189  13:55  Photon Cannon x2  
  181  13:56  Photon Cannon  
  177  14:10  Tempest (Chrono Boost)  
  192  14:17  Tempest x2 (Chrono Boost)  
  192  14:27  Shield Battery  
  192  14:29  Tempest (Chrono Boost)  
  192  14:34  Cybernetics Core  
  192  14:38  Shadow Stride  
  197  14:45  Oracle (Chrono Boost)  
  198  15:05  Protoss Shields Level 1 (Chrono Boost), Zealot  
  200  15:21  Protoss Air Armor Level 1 (Chrono Boost)  
  200  15:28  Nexus  
  198  15:29  Pylon  
  198  15:33  Photon Cannon  
  198  15:35  Photon Cannon  
  198  16:03  Shield Battery  
  198  16:04  Shield Battery  
  198  16:05  Shield Battery  
  198  16:07  Shield Battery  
  198  16:09  Photon Cannon x2  
  198  16:10  Photon Cannon  
  198  16:12  Protoss Air Weapons Level 3 (Chrono Boost), Pylon  
  190  16:50  Tempest x2  
  200  16:59  Oracle  
  196  17:08  Dark Templar x2  
  198  17:12  Assimilator x2, Archon  
  185  17:27  Stalker x9  
  177  17:31  Carrier (Chrono Boost)  
  177  17:39  Tempest (Chrono Boost)  
  177  17:41  Carrier (Chrono Boost), Disruptor x2  
  177  17:42  Mothership (Chrono Boost)  
  193  17:49  Tempest (Chrono Boost)  
  194  17:54  Protoss Shields Level 2 (Chrono Boost)  
  192  18:00  Photon Cannon, Unknown  
  192  18:01  Protoss Air Armor Level 2 (Chrono Boost)  
  192  18:02  Photon Cannon  
  192  18:03  Shield Battery  
  192  18:05  Pylon  
  192  18:13  Photon Cannon  
  192  18:14  Photon Cannon  
  192  18:26  Dark Templar x3  
  192  18:27  Dark Templar x8  
  191  19:00  Nexus, Pylon  
  181  19:18  Tempest x4  
  197  19:38  Archon x2  
  197  19:42  Photon Cannon  
  197  19:43  Observer  
  197  19:44  Photon Cannon  
  197  19:45  Photon Cannon x2, Shield Battery  
  198  19:49  Pylon  
  198  19:50  Photon Cannon  
  198  20:06  Dark Templar  
  200  20:14  Photon Cannon  
  195  20:15  Dark Templar x2  
  195  20:16  Photon Cannon  
  199  20:30  Protoss Shields Level 3 (Chrono Boost)  
  199  20:32  Photon Cannon  
  199  20:33  Photon Cannon  
  199  20:50  Assimilator  
  199  20:54  Protoss Air Armor Level 3 (Chrono Boost)  
  197  21:03  Nexus  
  194  21:05  Oracle, Pylon  
  197  21:31  Photon Cannon  
  197  21:32  Photon Cannon  
  197  21:34  Photon Cannon  
  197  21:40  Shield Battery x2  
  197  21:43  Shield Battery  
  197  21:46  Photon Cannon  
  197  21:47  Photon Cannon  
  193  22:23  Oracle  
  192  22:48  Photon Cannon x2  
  192  22:51  Pylon  
  192  22:52  Photon Cannon x2  
  192  22:53  Pylon  
  192  22:54  Photon Cannon  
  183  23:31  Tempest x3  
  185  23:37  Observer  
  186  23:49  Dark Templar  
  188  23:57  Nexus  
  188  23:59  Disruptor (Chrono Boost)  
  194  24:08  Disruptor (Chrono Boost)  
  193  24:28  Assimilator x2  
  191  24:39  Dark Templar x4  
  191  24:43  Nexus  
  191  24:44  Dark Templar x4  
  193  24:59  Observer (Chrono Boost)  
  186  25:04  Dark Templar x7  
  195  25:08  Archon x3  
  191  25:28  Nexus  
  191  25:32  Photon Cannon  
  191  25:38  Dark Templar x4, Pylon  
  191  25:42  Archon x2  
  199  25:48  Unknown  
  197  26:01  Dark Templar  
  197  26:02  Photon Cannon  
  199  26:10  Shield Battery x2  
  199  26:11  Shield Battery  
  199  26:12  Shield Battery  
  199  26:14  Photon Cannon  
  199  26:15  Photon Cannon x2  
  199  26:16  Photon Cannon  
  199  26:17  Photon Cannon  
  199  26:18  Photon Cannon  
  199  26:21  Photon Cannon  
  199  26:22  Pylon  
  199  26:46  Oracle x2  
  199  26:48  Pylon  
  199  27:10  Shield Battery  
  199  27:11  Shield Battery  
  195  27:29  Stalker x3  
  193  27:30  Stalker x3  
  178  28:03  Dark Templar x7  
  178  28:04  Dark Templar x4  
  200  28:09  Archon x4  
  200  28:10  Archon  

Tags
 
Add a new tag
Caveats
  • Supply blocks, unpowered buildings, or Contaminate may cause inaccurate times.
  • Supply counts are checked every 10 seconds.